 Dungeon Sprint DCSS version 0.17-a0-877-ga10078a (webtiles) character file.

423806 DEFE the Invulnerable (level 21, -6/201 HPs)
             Began as a Minotaur Fighter on Apr 30, 2015.
             Was the Champion of Okawaru.
             Mangled by an azure jelly (13 damage)
             ... created by the royal jelly
             ... in the Dungeon (Sprint IX: "|||||||||||||||||||||||||||||").
             The game lasted 00:29:27 (10473 turns).

DEFE the Invulnerable (Minotaur Fighter)           Turns: 10473, Time: 00:29:27

Health: -6/201     AC: -2    Str: 35    XL:     21   Next: 14%
Magic:  14/40      EV: 24    Int:  2    God:    Okawaru [******]
Gold:   116        SH: 30    Dex: 16    Spells: 0 memorised, 53 levels left

rFire  + + +     SeeInvis .     V - +6 scimitar of Flaming Death {flame, rPois rF++ rC- MR+}
rCold  + . .     Clarity  +     X - +2 gold dragon armour
rNeg   . . .     SustAb   .     F - +1 large shield
rPois  +         Gourm    .     W - +2 hat
rElec  +         Spirit   .     N - +1 cloak of the Equator {Dex+4}
rCorr  .         Warding  .     Y - +0 pair of gloves of Terror {rC+ Int-3 Dex+3}
rMut   .         NoTele   +     p - +0 pair of boots
MR     ++...                    T - amulet of Departure {Faith rElec}
Stlth  +.........               s - +3 ring of strength
                                y - ring of poison resistance

@: heroism, finesse, corroded equipment, contaminated, hasted, glowing, very
quick, very resistant to hostile enchantments, very unstealthy
A: retaliatory headbutt, claws 1, horns 2, talons 1, berserk 1, blurry vision 2,
clarity, clumsy 1, deformed body, deterioration 1, frail 1, strong 1
a: Heroism, Finesse, Renounce Religion
}: 6/15 runes: decaying, serpentine, barnacled, elven, silver, gossamer


You were in the Dungeon.
You worshipped Okawaru.
Okawaru was exalted by your worship.
You were not hungry.

You visited 1 branch You collected 800 gold pieces.
You spent 684 gold pieces at shops.

Inventory:

Hand weapons
 a - a +0 long sword
 e - the +1 double sword "Demonbane" {flame, Int+5}
   (Okawaru gifted it to you in the Dungeon)

   It has been specially enchanted to burn those struck by it, causing extra
   injury to most foes and up to half again as much damage against particularly
   susceptible opponents.
   Big, fiery blades are also staple armaments of hydra-hunters.
   It affects your intelligence (+5).
 o - a +2 scimitar of slicing
 x - the +4 long sword "Xybaq" {flame, Contam MP+9 Str+6}
   (Okawaru gifted it to you in the Dungeon)

   It has been specially enchanted to burn those struck by it, causing extra
   injury to most foes and up to half again as much damage against particularly
   susceptible opponents.
   Big, fiery blades are also staple armaments of hydra-hunters.
   It affects your strength (+6).
   It affects your magic capacity (+9).
   It causes magical contamination when unequipped.
 V - the +6 scimitar of Flaming Death (weapon) {flame, rPois rF++ rC- MR+}
   (You found it in the Dungeon)

   It has been specially enchanted to burn those struck by it, causing extra
   injury to most foes and up to half again as much damage against particularly
   susceptible opponents.
   Big, fiery blades are also staple armaments of hydra-hunters.
   It greatly protects you from fire.
   It makes you vulnerable to cold.
   It protects you from poison.
   It affects your resistance to hostile enchantments.
Armour
 p - a +0 pair of boots (worn)
 F - a +1 large shield (worn)
 K - the +2 pair of gloves "Fuisecwe" {Dex+3}
   (Okawaru gifted it to you in the Dungeon)

   It affects your dexterity (+3).
 N - the +1 cloak of the Equator (worn) {Dex+4}
   (Okawaru gifted it to you in the Dungeon)

   It affects your dexterity (+4).
 W - a +2 hat (worn)
 X - a +2 gold dragon armour (worn)
 Y - the +0 pair of gloves of Terror (worn) {rC+ Int-3 Dex+3}
   (You found it in the Dungeon)

   It affects your intelligence (-3).
   It affects your dexterity (+3).
   It protects you from cold.
Jewellery
 k - the ring of the Three Mice {+Inv rElec Dex+2}
   (You found it in the Dungeon)

   [ring of invisibility]

   It affects your dexterity (+2).
   It insulates you from electricity.
   It lets you turn invisible.
 r - a +3 ring of dexterity
 s - a +3 ring of strength (right hand)
 y - a ring of poison resistance (left hand)
 E - an uncursed ring of see invisible
 O - a +2 ring of slaying
 P - a +4 ring of protection
 Q - a +6 ring of intelligence
 R - a +4 ring of protection
 T - the amulet of Departure (around neck) {Faith rElec}
   (You found it in the Dungeon)

   [amulet of faith]

   It allows you to gain divine favour quickly.
   It insulates you from electricity.
 U - the amulet "Civokhlae" {Faith rPois Str-2 Int+7}
   (You found it in the Dungeon)

   [amulet of faith]

   It allows you to gain divine favour quickly.
   It affects your strength (-2).
   It affects your intelligence (+7).
   It protects you from poison.
Magical devices
 c - a wand of hasting (3)
 g - a wand of teleportation (6)
 n - a wand of fire (0)
 L - a wand of teleportation (6)
 M - a wand of teleportation (4)
Scrolls
 b - a scroll of fear
 l - 6 scrolls of remove curse
 m - 2 scrolls of amnesia
 u - 10 scrolls of identify
 v - 3 scrolls of fog
 w - 12 scrolls of enchant weapon
 I - 2 scrolls of recharging
Potions
 f - 12 potions of curing
 i - 4 potions of magic
 j - 2 potions of brilliance
 z - a potion of berserk rage
 A - a potion of might
 B - 4 potions of heal wounds
 C - a potion of haste
 D - 2 potions of agility
Comestibles
 d - 12 bread rations
 h - 39 fruits
 t - 5 meat rations


   Skills:
 O Level 27 Fighting
 O Level 27 Long Blades
 + Level 22.3(27) Throwing
 O Level 27 Armour
 O Level 27 Dodging
 + Level 20.8(25.8) Stealth
 O Level 27 Shields
 + Level 23.9(27) Unarmed Combat
 + Level 16.8 Spellcasting
 O Level 27 Invocations
 + Level 20.8 Evocations


You had 53 spell levels left.
You didn't know any spells.

Dungeon Overview and Level Annotations

Branches:
Dungeon (1/1)

Altars:
Cheibriados
Dithmenos
Elyvilon
Fedhas
Gozag
Kikubaaqudgha
Makhleb
Nemelex Xobeh
Okawaru
Qazlal
Ru
Sif Muna
Trog
Vehumet
Xom
Yredelemnul
Zin
The Shining One
Beogh
Jiyva
Lugonu

Shops:
D !*(=


Innate Abilities, Weirdness & Mutations

You reflexively headbutt those who attack you in melee.
You have a pair of horns on your head.
You have sharp fingernails.
You have sharp toenails.
You tend to lose your temper in combat.
Scrolls take you longer to read.
You possess an exceptional clarity of mind.
You are clumsy. (Dex -2)
Armour fits poorly on your strangely shaped body.
Your body sometimes deteriorates upon taking damage.
You are frail (-10% HP).
Your muscles are strong. (Str +2)


Message History

The azure jelly barely misses you. You furiously retaliate!
You headbutt the azure jelly. You block the azure jelly's attack.
The azure jelly hits you.
* * * LOW HITPOINT WARNING * * *
You block the azure jelly's attack. The death ooze completely misses you.
You furiously retaliate!
You headbutt the death ooze!! You block the death ooze's attack.
You closely miss the azure jelly. Your headbutt misses the azure jelly.
The azure jelly is almost dead.
Unknown command.
Unknown command.
You slash the azure jelly! You burn the azure jelly.
You kill the azure jelly!
That felt strangely unrewarding.
You block the death ooze's attack. You block the death ooze's attack.
Unknown command.
The azure jelly hits you.
* * * LOW HITPOINT WARNING * * *
The azure jelly freezes you! You resist.
You die...

.................................
▓▓▓▓▓▓▓▓▓▓▓▓▓▓▓▓▓▓▓▓▓▓▓▓▓▓▓▓▓▓▓▓▓
..)))'.......)†))).[.)).'...).[)'
▓▓▓▓▓▓▓▓▓▓▓▓▓▓▓▓▓▓▓▓▓▓▓▓▓▓▓▓▓▓▓▓▓
.................................
▓▓▓▓▓▓▓▓▓▓▓▓▓▓▓▓▓▓▓▓▓▓▓▓▓▓▓▓▓▓▓▓▓
.0.....['......[÷)[....†['.'.'...
▓▓▓▓▓▓▓▓▓▓▓▓▓▓▓▓▓▓▓▓▓▓▓▓▓▓▓▓▓▓▓▓▓
...............J@)JJJJJ..........
▓▓▓▓▓▓▓▓▓▓▓▓▓▓▓▓▓▓▓▓▓▓▓▓▓▓▓▓▓▓▓▓♣
....φG.....JJ§'.....(...((.(([.
▓▓▓▓▓▓▓▓▓▓▓▓▓▓▓▓▓▓▓▓▓▓▓▓▓▓▓▓▓▓♣


You could see an acid blob, 3 azure jellies and 2 death oozes.

Vanquished Creatures
  the royal jelly (D)
  Mnoleg (D)
  4 ancient liches (D)
  4 orbs of fire (D)
  Mennas (D)
  Boris (D)
  Frederick (D)
  Margery (D)
  Norris (D)
  A curse toe (D)
  2 Killer Klowns (D)
  Nikola (D)
  4 golden dragons (D)
  Jory (D)
  Xtahua (D)
  5 electric golems (D)
  27 Orb Guardians (D)
  2 liches (D)
  4 tentacled monstrosities (D)
  4 deep elf blademasters (D)
  4 deep elf master archers (D)
  7 acid blobs (D)
  A sphinx (D)
  4 storm dragons (D)
  7 shadow dragons (D)
  A player illusion (D)
  8 greater nagas (D)
  5 draconian monks (D)
  Ilsuiw (D)
  4 azure jellies (D)
  2 frost giants (D)
  A draconian knight (D)
  3 deep elf sorcerers (D)
  5 vault wardens (D)
  2 draconian zealots (D)
  Louise (D)
  2 draconian shifters (D)
  4 ghost moths (D)
  5 emperor scorpions (D)
  A spellforged servitor (D)
  2 ironheart preservers (D)
  2 green draconians (D)
  9 vampire knights (D)
  5 stone giants (D)
  A war gargoyle (D)
  A deep elf annihilator (D)
  4 black draconians (D)
  2 red draconians (D)
  5 mottled draconians (D)
  A purple draconian (D)
  2 yellow draconians (D)
  5 white draconians (D)
  4 merfolk javelineers (D)
  3 yaktaur captains (D)
  3 ettins (D)
  25 vault guards (D)
  4 fire dragons (D)
  2 merfolk impalers (D)
  2 deep elf high priests (D)
  2 death oozes (D)
  Josephine (D)
  A death cob (D)
  2 rakshasas (D)
  A naga warrior (D)
  7 hydras (D)
  3 ice dragons (D)
  2 centaur warriors (D)
  2 spriggan air magi (D)
  A satyr (D)
  5 merfolk aquamancers (D)
  2 merfolk avatars (D)
  A vampire mage (D)
  9 orc high priests (D)
  An alligator (D)
  Urug (D)
  A naga sharpshooter (D)
  4 hell knights (D)
  Sonja (D)
  A small abomination (D)
  2 deep elf knights (D)
  A shock serpent (D)
  2 salamander mystics (D)
  A spriggan druid (D)
  2 flayed ghosts (D)
  A skeletal warrior (D)
  8 swamp dragons (D)
  A swamp dragon (shapeshifter) (D)
  A hill giant (D)
  4 orc knights (D)
  A necromancer (D)
  3 ugly things (D)
  An orc sorcerer (D)
  3 ironbrand convokers (D)
  A manticore (shapeshifter) (D)
  4 wolf spiders (D)
  An orb spider (shapeshifter) (D)
  A cyclops (D)
  7 moths of wrath (D)
  A water nymph (D)
  4 manticores (D)
  An elephant (D)
  A black mamba (shapeshifter) (D)
  A gargoyle (D)
  2 black mambas (D)
  2 vault sentinels (D)
  3 naga magi (D)
  2 guardian serpents (D)
  2 spiny frogs (D)
  2 yaktaurs (D)
  A komodo dragon (D)
  2 demonic crawlers (D)
  A tengu conjurer (D)
  A deep elf priest (D)
  A merfolk (D)
  A red devil (D)
  3 snapping turtles (D)
  A fire vortex (D)
  A troll (D)
  A slime creature (D)
  A shadow (D)
  A trapdoor spider (shapeshifter) (D)
  A two-headed ogre (shapeshifter) (D)
  A wyvern (D)
  11 spriggans (D)
  6 redbacks (D)
  A deep elf mage (D)
  A tarantella (D)
  6 wraiths (D)
  2 hippogriffs (D)
  2 wolves (D)
  2 vampire mosquitoes (D)
  3 wargs (D)
  3 mottled dragons (D)
  An insubstantial wisp (D)
  2 nagas (D)
  A spider (D)
  3 hell hounds (D)
  2 sky beasts (D)
  An ice beast (D)
  2 swamp drakes (D)
  A porcupine (D)
  17 orc warriors (D)
  A wasp (D)
  An eye of draining (D)
  A giant frog (D)
  5 crocodiles (D)
  3 jellies (D)
  An orc wizard (D)
  A hound (D)
  5 orc priests (D)
  An iguana (D)
  A worker ant (D)
  A sheep (D)
  A river rat (D)
  A giant gecko (D)
  7 orcs (D)
  A bat simulacrum (D)
  A hobgoblin (D)
  A kobold (D)
  A bat (D)
  A giant cockroach zombie (D)
  3 giant newts (D)
  A quokka skeleton (D)
  A rat (D)
  A crawling corpse (D)
456 creatures vanquished.

Vanquished Creatures (others)
  A salamander stormcaller (D)
  A spriggan druid (D)
  An ironbrand convoker (D)
  A swamp drake (D)
  A crawling corpse (D)
  A fungus (D)
6 creatures vanquished.

Grand Total: 462 creatures vanquished

Notes
Turn   | Place    | Note
--------------------------------------------------------------
     0 | D        | DEFE, the Minotaur Fighter, began the quest for the Orb.
     0 | D        | Reached XP level 1. HP: 19/19 MP: 0/0
    14 | D        | Reached skill level 1 in Dodging
    20 | D        | Reached skill level 4 in Armour
   107 | D        | Noticed a worker ant
   107 | D        | Noticed a hound
   107 | D        | Noticed a sky beast
   119 | D        | Killed a sky beast
   119 | D        | Reached skill level 5 in Fighting
   119 | D        | Reached skill level 5 in Long Blades
   119 | D        | Reached skill level 6 in Armour
   119 | D        | Reached skill level 5 in Shields
   119 | D        | Reached XP level 2. HP: 12/30 MP: 1/1
   119 | D        | Reached XP level 3. HP: 14/37 MP: 2/2
   119 | D        | Reached XP level 4. HP: 16/44 MP: 3/3
   122 | D        | Killed a hound
   125 | D        | Killed a worker ant
   125 | D        | Reached XP level 5. HP: 19/51 MP: 4/4
   135 | D        | Found a glowing silver altar of Zin.
   135 | D        | Found a glowing golden altar of the Shining One.
   135 | D        | Found an ancient bone altar of Kikubaaqudgha.
   135 | D        | Found a basalt altar of Yredelemnul.
   135 | D        | Found a shimmering altar of Xom.
   135 | D        | Found a radiant altar of Vehumet.
   135 | D        | Found an iron altar of Okawaru.
   136 | D        | Found a burning altar of Makhleb.
   137 | D        | Found a deep blue altar of Sif Muna.
   147 | D        | Gained mutation: You have sharp toenails. [mutagenic meat]
   148 | D        | Gained mutation: Your natural rate of healing is unusually fast. [mutagenic meat]
   149 | D        | Gained mutation: Your body sometimes deteriorates upon taking damage. [mutagenic meat]
   150 | D        | Gained mutation: You have a pair of large horns on your head. [mutagenic meat]
   151 | D        | Gained mutation: Your magical capacity is low (-10% MP). [mutagenic meat]
   159 | D        | Found a bloodstained altar of Trog.
   160 | D        | Found a sparkling altar of Nemelex Xobeh.
   161 | D        | Found a white marble altar of Elyvilon.
   162 | D        | Found a roughly hewn altar of Beogh.
   163 | D        | Found a viscous altar of Jiyva.
   164 | D        | Found a corrupted altar of Lugonu.
   165 | D        | Became a worshipper of Warmaster Okawaru
   205 | D        | Found a blossoming altar of Fedhas.
   206 | D        | Found a snail-covered altar of Cheibriados.
   207 | D        | Found a shadowy altar of Dithmenos.
   208 | D        | Found a stormy altar of Qazlal.
   209 | D        | Found an opulent altar of Gozag.
   210 | D        | Found a sacrificial altar of Ru.
   294 | D        | Noticed a gargoyle
   294 | D        | Noticed a wasp
   301 | D        | Killed a wasp
   301 | D        | Reached skill level 7 in Fighting
   301 | D        | Reached skill level 5 in Dodging
   318 | D        | Killed a gargoyle
   318 | D        | Reached skill level 9 in Fighting
   318 | D        | Reached XP level 6. HP: 57/63 MP: 4/4
   318 | D        | Reached XP level 7. HP: 63/70 MP: 5/5
   416 | D        | Noticed a hill giant
   416 | D        | Noticed a manticore
   416 | D        | Noticed a jelly
   416 | D        | Noticed a purple ugly thing
   416 | D        | Noticed an orc warrior
   416 | D        | Noticed a deep elf mage
   420 | D        | Killed a deep elf mage
   421 | D        | Killed an orc warrior
   421 | D        | Killed a manticore
   421 | D        | Reached skill level 10 in Fighting
   421 | D        | Reached skill level 10 in Long Blades
   421 | D        | Reached skill level 10 in Armour
   421 | D        | Reached skill level 10 in Shields
   421 | D        | Reached XP level 8. HP: 66/79 MP: 6/6
   422 | D        | Killed a jelly
   423 | D        | Killed a hill giant
   423 | D        | Acquired Okawaru's first power
   423 | D        | Reached skill level 11 in Fighting
   430 | D        | Killed a purple ugly thing
   430 | D        | Reached XP level 9. HP: 53/89 MP: 7/7
   621 | D        | Lost mutation: Your body sometimes deteriorates upon taking damage. [potion of cure mutation]
   621 | D        | Lost mutation: You have sharp toenails. [potion of cure mutation]
   621 | D        | Lost mutation: You have a pair of large horns on your head. [potion of cure mutation]
   621 | D        | Lost mutation: Your magical capacity is low (-10% MP). [potion of cure mutation]
   622 | D        | Noticed an iguana
   622 | D        | Noticed a giant frog
   622 | D        | Noticed an eight-headed hydra
   622 | D        | Noticed a crocodile
   622 | D        | Noticed a crocodile
   624 | D        | Reached skill level 10 in Dodging
   625 | D        | Noticed an eight-headed hydra
   625 | D        | Killed a crocodile
   626 | D        | Noticed an eight-headed hydra
   633 | D        | Killed a 15-headed hydra
   633 | D        | Reached skill level 12 in Fighting
   641 | D        | Killed a crocodile
   643 | D        | Killed a giant frog
   656 | D        | Killed a 14-headed hydra
   672 | D        | Killed a 19-headed hydra
   672 | D        | Reached skill level 13 in Fighting
   672 | D        | Reached XP level 10. HP: 38/101 MP: 9/9
   675 | D        | Killed an iguana
   822 | D        | Noticed a porcupine
   822 | D        | Noticed a hippogriff
   822 | D        | Noticed a hippogriff
   822 | D        | Noticed a komodo dragon
   822 | D        | Noticed an elephant
   822 | D        | Noticed a spiny frog
   822 | D        | Noticed a crocodile
   827 | D        | Killed a crocodile
   828 | D        | Noticed a spiny frog
   828 | D        | Killed a spiny frog
   828 | D        | Reached skill level 1 in Invocations
   833 | D        | Killed an elephant
   834 | D        | Noticed a crocodile
   837 | D        | Killed a komodo dragon
   840 | D        | Killed a hippogriff
   844 | D        | Killed a hippogriff
   844 | D        | Acquired Okawaru's second power
   846 | D        | Killed a porcupine
   849 | D        | Killed a spiny frog
   850 | D        | Killed a crocodile
   868 | D        | Noticed a wolf
   868 | D        | Noticed a warg
   868 | D        | Noticed a hell hound
   869 | D        | Noticed a wolf
   871 | D        | Noticed a hell hound
   871 | D        | Killed a hell hound
   872 | D        | Noticed a warg
   875 | D        | Killed a warg
   876 | D        | Noticed a hell hound
   880 | D        | Noticed a warg
   882 | D        | Killed a hell hound
   888 | D        | Killed a warg
   892 | D        | Killed a hell hound
   894 | D        | Killed a warg
   895 | D        | Killed a wolf
   897 | D        | Killed a wolf
   953 | D        | Noticed Sonja
   970 | D        | Killed Sonja
   970 | D        | Received a gift from Okawaru
   970 | D        | Reached skill level 14 in Fighting
  1090 | D        | Noticed a wraith
  1091 | D        | Noticed a wraith
  1092 | D        | Noticed a wraith
  1093 | D        | Noticed Josephine
  1095 | D        | Noticed a wraith
  1098 | D        | Noticed a wraith
  1101 | D        | Killed a wraith
  1101 | D        | Reached XP level 11. HP: 108/110 MP: 5/13
  1111 | D        | Killed Josephine
  1111 | D        | Reached skill level 5 in Invocations
  1120 | D        | Killed a wraith
  1126 | D        | Killed a wraith
  1134 | D        | Killed a wraith
  1139 | D        | Killed a wraith
  1182 | D        | Noticed an orc priest
  1182 | D        | Noticed an orc wizard
  1182 | D        | Noticed an orc warrior
  1191 | D        | Killed an orc warrior
  1192 | D        | Killed an orc wizard
  1194 | D        | Noticed an orc warrior
  1195 | D        | Killed an orc priest
  1202 | D        | Noticed an orc warrior
  1206 | D        | Killed an orc warrior
  1207 | D        | Noticed an orc warrior
  1208 | D        | Noticed an orc warrior
  1213 | D        | Killed an orc warrior
  1219 | D        | Killed an orc warrior
  1225 | D        | Killed an orc warrior
  1272 | D        | Noticed an orc warrior
  1272 | D        | Noticed an orc warrior
  1272 | D        | Noticed an orc warrior
  1272 | D        | Noticed an orc warrior
  1272 | D        | Noticed an orc warrior
  1272 | D        | Noticed an orc knight
  1272 | D        | Noticed an orc sorcerer
  1274 | D        | Noticed an orc warrior
  1277 | D        | Killed an orc sorcerer
  1286 | D        | Killed an orc knight
  1287 | D        | Noticed an orc knight
  1290 | D        | Noticed an orc warrior
  1291 | D        | Killed an orc warrior
  1292 | D        | Noticed an orc warrior
  1294 | D        | Killed an orc warrior
  1295 | D        | Noticed an orc warrior
  1298 | D        | Killed an orc warrior
  1300 | D        | Killed an orc warrior
  1306 | D        | Killed an orc warrior
  1314 | D        | Killed an orc knight
  1314 | D        | Reached skill level 15 in Armour
  1319 | D        | Killed an orc warrior
  1325 | D        | Killed an orc warrior
  1325 | D        | Reached skill level 15 in Shields
  1329 | D        | Killed an orc warrior
  1333 | D        | Killed an orc warrior
  1375 | D        | Found Hubrezac's Jewellery Boutique.
  1375 | D        | Noticed an orc high priest
  1375 | D        | Noticed an orc priest
  1375 | D        | Noticed an orc high priest
  1375 | D        | Noticed an orc high priest
  1375 | D        | Noticed an orc high priest
  1375 | D        | Noticed an orc high priest
  1383 | D        | Found Ofuc's Antique Weapon Shop.
  1384 | D        | Noticed a soul eater
  1385 | D        | Killed an orc high priest
  1385 | D        | Received a gift from Okawaru
  1385 | D        | Reached skill level 15 in Fighting
  1386 | D        | Noticed an orc high priest
  1388 | D        | Killed an orc high priest
  1388 | D        | Reached skill level 15 in Long Blades
  1389 | D        | Found Ninaigh's General Store.
  1397 | D        | Killed an orc high priest
  1398 | D        | Noticed an orc high priest
  1409 | D        | Killed an orc high priest
  1410 | D        | Found Eseb's Distillery.
  1410 | D        | Noticed an orc high priest
  1412 | D        | Killed an orc priest
  1413 | D        | Noticed an orc priest
  1418 | D        | Killed an orc high priest
  1420 | D        | Noticed an orc priest
  1423 | D        | Noticed an orc priest
  1428 | D        | Killed an orc high priest
  1429 | D        | Noticed an orc high priest
  1433 | D        | Killed an orc high priest
  1433 | D        | Reached XP level 12. HP: 47/122 MP: 11/17
  1439 | D        | Killed an orc high priest
  1442 | D        | Killed an orc priest
  1448 | D        | Killed an orc priest
  1450 | D        | Killed an orc priest
  1458 | D        | Killed an orc high priest
  1458 | D        | Reached skill level 16 in Armour
  1487 | D        | Got a slimy long sword {god gift}
  1488 | D        | Identified the +4 long sword "Xybaq" {flame, Contam MP+9 Str+6} (Okawaru gifted it to you in the Dungeon)
  1618 | D        | Bought a potion of cancellation for 96 gold pieces
  1618 | D        | Bought a potion of heal wounds for 60 gold pieces
  1618 | D        | Bought a potion of curing for 36 gold pieces
  1618 | D        | Bought a potion of curing for 36 gold pieces
  1618 | D        | Bought a potion of curing for 36 gold pieces
  1618 | D        | Bought a potion of might for 48 gold pieces
  1618 | D        | Bought a potion of curing for 36 gold pieces
  1618 | D        | Bought a potion of resistance for 120 gold pieces
  1618 | D        | Bought a potion of haste for 120 gold pieces
  1634 | D        | Bought 2 potions of agility for 96 gold pieces
  1816 | D        | Noticed a wraith
  1816 | D        | Noticed an ice beast
  1816 | D        | Noticed a manticore
  1816 | D        | Noticed a tengu conjurer
  1816 | D        | Noticed an orc warrior
  1816 | D        | Noticed a troll
  1816 | D        | Noticed a jelly
  1818 | D        | Killed a jelly
  1820 | D        | Killed a troll
  1822 | D        | Noticed a jelly
  1827 | D        | Killed an orc warrior
  1836 | D        | Killed a tengu conjurer
  1837 | D        | Noticed a frost giant
  1838 | D        | Noticed an ettin
  1839 | D        | Killed a manticore
  1841 | D        | Noticed a yaktaur
  1843 | D        | Noticed a fire dragon
  1845 | D        | Killed an ice beast
  1846 | D        | Killed a wraith
  1848 | D        | Noticed a centaur warrior
  1856 | D        | Killed a frost giant
  1864 | D        | Killed an ettin
  1866 | D        | Killed a jelly
  1867 | D        | Noticed a stone giant
  1869 | D        | Killed a yaktaur
  1869 | D        | Received a gift from Okawaru
  1875 | D        | Killed a fire dragon
  1875 | D        | Reached skill level 15 in Dodging
  1886 | D        | Killed a stone giant
  1892 | D        | Killed a centaur warrior
  1892 | D        | Reached skill level 10 in Invocations
  2078 | D        | Noticed Louise
  2094 | D        | Killed Louise
  2094 | D        | Reached skill level 17 in Armour
  2165 | D        | Noticed an alligator
  2165 | D        | Noticed a spriggan druid
  2165 | D        | Noticed a swamp drake
  2165 | D        | Noticed a slime creature
  2165 | D        | Noticed an eight-headed hydra
  2165 | D        | Noticed a swamp drake
  2165 | D        | Noticed an insubstantial wisp
  2166 | D        | Noticed a vampire mosquito
  2167 | D        | Killed a swamp drake
  2170 | D        | Killed an insubstantial wisp
  2173 | D        | Killed a five-headed hydra
  2178 | D        | Killed a slime creature
  2180 | D        | Killed a swamp drake
  2181 | D        | Killed a spriggan druid
  2184 | D        | Killed an alligator
  2186 | D        | Killed a vampire mosquito
  2193 | D        | Noticed a redback
  2193 | D        | Noticed a demonic crawler
  2193 | D        | Noticed a spider
  2193 | D        | Noticed a wolf spider
  2193 | D        | Noticed an emperor scorpion
  2193 | D        | Noticed a wolf spider
  2193 | D        | Noticed a tarantella
  2194 | D        | Noticed a wolf spider
  2194 | D        | Killed a tarantella
  2200 | D        | Noticed a redback
  2200 | D        | Killed a wolf spider
  2219 | D        | Killed an emperor scorpion
  2219 | D        | Reached XP level 13. HP: 111/132 MP: 20/20
  2229 | D        | Killed a wolf spider
  2231 | D        | Killed a spider
  2238 | D        | Killed a demonic crawler
  2240 | D        | Killed a wolf spider
  2240 | D        | Received a gift from Okawaru
  2243 | D        | Killed a redback
  2245 | D        | Killed a redback
  2267 | D        | Noticed a manticore
  2267 | D        | Noticed a snapping turtle
  2267 | D        | Noticed a snapping turtle
  2267 | D        | Noticed a snapping turtle
  2267 | D        | Noticed a water nymph
  2267 | D        | Noticed a merfolk
  2268 | D        | Noticed a satyr
  2269 | D        | Noticed a merfolk aquamancer
  2270 | D        | Killed a merfolk
  2275 | D        | Killed a water nymph
  2308 | D        | Killed a merfolk aquamancer
  2329 | D        | Killed a snapping turtle
  2335 | D        | Killed a snapping turtle
  2356 | D        | Killed a snapping turtle
  2361 | D        | Killed a manticore
  2371 | D        | Killed a satyr
  2487 | D        | Noticed a naga mage
  2487 | D        | Noticed a shock serpent
  2487 | D        | Noticed a greater naga
  2487 | D        | Noticed a salamander mystic
  2487 | D        | Noticed a black mamba
  2487 | D        | Noticed a naga sharpshooter
  2487 | D        | Noticed a black mamba
  2488 | D        | Noticed a greater naga
  2492 | D        | Killed a black mamba
  2493 | D        | Noticed a salamander mystic
  2502 | D        | Killed a greater naga
  2502 | D        | Reached skill level 18 in Armour
  2507 | D        | Killed a naga sharpshooter
  2514 | D        | Killed a black mamba
  2518 | D        | Killed a salamander mystic
  2519 | D        | Killed a shock serpent
  2530 | D        | Killed a greater naga
  2538 | D        | Killed a salamander mystic
  2541 | D        | Killed a naga mage
  2806 | D        | Got a pair of encrusted gloves {god gift}
  2812 | D        | Identified the +2 pair of gloves "Fuisecwe" {Dex+3} (Okawaru gifted it to you in the Dungeon)
  2992 | D        | Noticed Urug
  3007 | D        | Killed Urug
  3033 | D        | Noticed Frederick
  3049 | D        | Killed Frederick
  3049 | D        | Received a gift from Okawaru
  3105 | D        | Noticed a tentacled monstrosity
  3105 | D        | Noticed a stone giant
  3105 | D        | Noticed a yaktaur captain
  3105 | D        | Noticed a spriggan air mage
  3105 | D        | Noticed a flayed ghost
  3105 | D        | Noticed an ettin
  3105 | D        | Noticed a frost giant
  3113 | D        | Killed a frost giant
  3114 | D        | Noticed a spriggan air mage
  3119 | D        | Killed an ettin
  3119 | D        | Received a gift from Okawaru
  3120 | D        | Noticed a stone giant
  3126 | D        | Killed a flayed ghost
  3126 | D        | Reached skill level 19 in Armour
  3383 | D        | Killed a spriggan air mage
  3389 | D        | Killed a spriggan air mage
  3389 | D        | Reached XP level 14. HP: 123/144 MP: 22/22
  3396 | D        | Killed a yaktaur captain
  3417 | D        | Noticed a fire dragon
  3423 | D        | Killed a stone giant
  3424 | D        | Noticed an ice dragon
  3429 | D        | Killed a tentacled monstrosity
  3439 | D        | Killed a stone giant
  3445 | D        | Killed a fire dragon
  3452 | D        | Killed an ice dragon
  3456 | D        | Noticed a fire dragon
  3473 | D        | Killed a fire dragon
  3491 | D        | Noticed a rakshasa
  3509 | D        | Killed a rakshasa
  3660 | D        | Noticed a stone giant
  3661 | D        | Noticed a black mamba
  3662 | D        | Noticed a rakshasa
  3663 | D        | Noticed a sphinx
  3664 | D        | Noticed a vampire mage
  3673 | D        | Killed a stone giant
  3673 | D        | Received a gift from Okawaru
  3680 | D        | Killed a black mamba
  3691 | D        | Killed a rakshasa
  3702 | D        | Killed a sphinx
  3709 | D        | Killed a vampire mage
  3798 | D        | Noticed a skeletal warrior
  3798 | D        | Noticed a deep elf knight
  3798 | D        | Noticed a cyclops
  3798 | D        | Noticed an ironbrand convoker
  3798 | D        | Noticed a salamander
  3798 | D        | Noticed a mottled dragon
  3798 | D        | Noticed a vault sentinel
  3799 | D        | Noticed an ironbrand convoker
  3806 | D        | Killed a vault sentinel
  3806 | D        | Reached skill level 20 in Armour
  3807 | D        | Noticed a vampire mosquito
  3812 | D        | a salamander changed into an orb spider
  3813 | D        | Killed a mottled dragon
  3814 | D        | Noticed a redback
  3819 | D        | Killed an ironbrand convoker
  3820 | D        | Noticed a deep elf knight
  3821 | D        | Noticed a vault warden
  3823 | D        | Killed a cyclops
  3824 | D        | Noticed an orc knight
  3827 | D        | Killed a deep elf knight
  3832 | D        | Killed a skeletal warrior
  3834 | D        | Noticed a yaktaur captain
  3835 | D        | Killed an ironbrand convoker
  3837 | D        | Killed a vampire mosquito
  3839 | D        | Noticed a vault warden
  3842 | D        | Killed a redback
  3843 | D        | Noticed a green ugly thing
  3846 | D        | Killed a deep elf knight
  3848 | D        | Noticed a wolf spider
  3856 | D        | Killed a vault warden
  3856 | D        | Received a gift from Okawaru
  3857 | D        | Noticed an ironheart preserver
  3863 | D        | Killed an orc knight
  3864 | D        | Noticed a yaktaur
  3870 | D        | Killed a yaktaur captain
  3884 | D        | Killed a vault warden
  3888 | D        | Killed a green ugly thing
  3912 | D        | Killed a wolf spider
  3913 | D        | Killed an ironheart preserver
  3917 | D        | Killed a yaktaur
  3921 | D        | Gained mutation: You are weak. (Str -2) [mutagenic meat]
  3922 | D        | Lost mutation: You are weak. (Str -2) [mutagenic meat]
  3923 | D        | Gained mutation: You tend to lose your temper in combat. [mutagenic meat]
  3924 | D        | Gained mutation: Your muscles are strong. (Str +2) [mutagenic meat]
  3928 | D        | Gained mutation: You are covered in fur (AC +1). [mutagenic meat]
  3929 | D        | Gained mutation: Armour fits poorly on your strangely shaped body. [mutagenic meat]
  3930 | D        | Gained mutation: You are frail (-10% HP). [mutagenic meat]
  3931 | D        | Lost mutation: You are frail (-10% HP). [potion of cure mutation]
  3931 | D        | Lost mutation: You tend to lose your temper in combat. [potion of cure mutation]
  3931 | D        | Lost mutation: Your muscles are strong. (Str +2) [potion of cure mutation]
  3931 | D        | Lost mutation: You are covered in fur (AC +1). [potion of cure mutation]
  3931 | D        | Lost mutation: Your natural rate of healing is unusually fast. [potion of cure mutation]
  3937 | D        | Got an ichor-stained chain mail {god gift}
  3948 | D        | Identified the +0 chain mail of the Purple Skies {rCorr} (Okawaru gifted it to you in the Dungeon)
  4002 | D        | Noticed a necromancer
  4003 | D        | Noticed a hell knight
  4004 | D        | Noticed Jory
  4005 | D        | Noticed a hell knight
  4008 | D        | Noticed Margery
  4020 | D        | Noticed a hell knight
  4021 | D        | Killed Jory
  4021 | D        | Reached skill level 15 in Invocations
  4023 | D        | Killed a necromancer
  4024 | D        | Noticed a hell knight
  4025 | D        | Noticed Mennas
  4036 | D        | Noticed Norris
  4047 | D        | Killed Margery
  4047 | D        | Reached skill level 21 in Armour
  4047 | D        | Reached XP level 15. HP: 88/157 MP: 25/25
  4050 | D        | Killed a hell knight
  4056 | D        | Killed a hell knight
  4061 | D        | Killed a hell knight
  4089 | D        | Killed Mennas
  4089 | D        | Received a gift from Okawaru
  4092 | D        | Paralysed by something for 5 turns
  4111 | D        | Killed Norris
  4120 | D        | Killed a hell knight
  4167 | D        | Noticed Nikola
  4254 | D        | Killed Nikola
  4254 | D        | Received a gift from Okawaru
  4258 | D        | Got a bloodstained cloak {god gift}
  4269 | D        | Identified the +1 cloak of the Equator {Dex+4} (Okawaru gifted it to you in the Dungeon)
  4354 | D        | Noticed Xtahua
  4364 | D        | Killed Xtahua
  4364 | D        | Reached skill level 22 in Armour
  4420 | D        | Noticed Boris
  4439 | D        | Killed Boris
  4840 | D        | Noticed Mara
  4846 | D        | Noticed DEFE's illusion
  4944 | D        | Killed DEFE's illusion
  5396 | D        | Noticed a demonic crawler
  5396 | D        | Noticed an emperor scorpion
  5396 | D        | Noticed an emperor scorpion
  5396 | D        | Noticed a moth of wrath
  5396 | D        | Noticed a moth of wrath
  5399 | D        | Killed a moth of wrath
  5400 | D        | Noticed a redback
  5402 | D        | Killed a moth of wrath
  5441 | D        | Killed an emperor scorpion
  5462 | D        | Killed an emperor scorpion
  5468 | D        | Killed a demonic crawler
  5475 | D        | Killed a ghost moth
  5479 | D        | Killed a ghost moth
  5482 | D        | Killed a redback
  5492 | D        | Killed a ghost moth
  5504 | D        | Gained mutation: You are clumsy. (Dex -2) [mutagenic meat]
  5505 | D        | Gained mutation: You have sharp fingernails. [mutagenic meat]
  5506 | D        | Gained mutation: Your magical capacity is low (-10% MP). [mutagenic meat]
  5509 | D        | Gained mutation: You are frail (-10% HP). [mutagenic meat]
  5510 | D        | Gained mutation: You have sharp toenails. [mutagenic meat]
  5511 | D        | Lost mutation: You are frail (-10% HP). [mutagenic meat]
  5514 | D        | Gained mutation: Your spells are a little harder to cast, but a little more powerful. [mutagenic meat]
  5515 | D        | Lost mutation: Your magical capacity is low (-10% MP). [mutagenic meat]
  5612 | D        | Noticed an emperor scorpion
  5614 | D        | Noticed a redback
  5615 | D        | Noticed an emperor scorpion
  5629 | D        | Killed an emperor scorpion
  5634 | D        | Killed a ghost moth
  5634 | D        | Received a gift from Okawaru
  5636 | D        | Killed a redback
  5672 | D        | Killed an emperor scorpion
  5750 | D        | Got a gossamer rune of Zot
  5794 | D        | Noticed a spriggan druid
  5794 | D        | Noticed a swamp drake
  5794 | D        | Noticed a six-headed hydra
  5794 | D        | Noticed an eight-headed hydra
  5794 | D        | Noticed an eight-headed hydra
  5794 | D        | Noticed a swamp dragon
  5794 | D        | Noticed a swamp dragon
  5798 | D        | Killed a swamp dragon
  5799 | D        | Noticed a swamp dragon
  5805 | D        | Killed a swamp dragon
  5806 | D        | Noticed a swamp dragon
  5810 | D        | Killed a five-headed hydra
  5813 | D        | Killed a six-headed hydra
  5813 | D        | Reached skill level 23 in Armour
  5813 | D        | Reached XP level 16. HP: 103/171 MP: 27/27
  5816 | D        | Noticed a swamp dragon
  5818 | D        | Killed a one-headed hydra
  5819 | D        | Noticed a swamp dragon
  5821 | D        | Killed a spriggan druid
  5822 | D        | Noticed a swamp dragon
  5825 | D        | Killed a swamp drake
  5828 | D        | Noticed a swamp dragon
  5830 | D        | Killed a swamp dragon
  5834 | D        | Killed a swamp dragon
  5839 | D        | Killed a swamp dragon
  5845 | D        | Killed a swamp dragon
  5850 | D        | Killed a swamp dragon
  5855 | D        | Killed a swamp dragon
  5856 | D        | Got a decaying rune of Zot
  6055 | D        | Noticed Ilsuiw
  6055 | D        | Noticed a merfolk javelineer
  6055 | D        | Noticed a merfolk avatar
  6055 | D        | Noticed a merfolk avatar
  6055 | D        | Noticed a merfolk aquamancer
  6055 | D        | Noticed a merfolk impaler
  6055 | D        | Noticed a merfolk impaler
  6058 | D        | Noticed a merfolk javelineer
  6058 | D        | Noticed a merfolk aquamancer
  6062 | D        | Killed a merfolk aquamancer
  6064 | D        | Noticed a merfolk aquamancer
  6075 | D        | Killed a merfolk impaler
  6082 | D        | Killed a merfolk avatar
  6083 | D        | Noticed a merfolk aquamancer
  6092 | D        | Killed a merfolk aquamancer
  6102 | D        | Killed Ilsuiw
  6103 | D        | Noticed a merfolk javelineer
  6105 | D        | Killed a merfolk aquamancer
  6106 | D        | Noticed a merfolk javelineer
  6108 | D        | Killed a merfolk avatar
  6113 | D        | Killed a merfolk javelineer
  6122 | D        | Killed a merfolk aquamancer
  6127 | D        | Killed a merfolk javelineer
  6135 | D        | Killed a merfolk javelineer
  6142 | D        | Killed a merfolk javelineer
  6148 | D        | Killed a merfolk impaler
  6154 | D        | Got a barnacled rune of Zot
  6173 | D        | Noticed a greater naga
  6173 | D        | Noticed a guardian serpent
  6173 | D        | Noticed a naga warrior
  6173 | D        | Noticed a naga
  6173 | D        | Noticed a guardian serpent
  6173 | D        | Noticed a naga mage
  6173 | D        | Noticed a greater naga
  6180 | D        | Killed a greater naga
  6183 | D        | Killed a naga mage
  6185 | D        | Killed a guardian serpent
  6186 | D        | Noticed a naga mage
  6187 | D        | Noticed a greater naga
  6189 | D        | Killed a greater naga
  6195 | D        | Killed a naga warrior
  6196 | D        | Noticed a greater naga
  6205 | D        | Killed a greater naga
  6206 | D        | Noticed a greater naga
  6207 | D        | Killed a naga
  6208 | D        | Noticed a naga
  6211 | D        | Noticed a greater naga
  6211 | D        | Killed a guardian serpent
  6211 | D        | Reached skill level 24 in Armour
  6216 | D        | Killed a greater naga
  6216 | D        | Received a gift from Okawaru
  6221 | D        | Killed a greater naga
  6225 | D        | Killed a greater naga
  6231 | D        | Killed a naga mage
  6234 | D        | Killed a naga
  6237 | D        | Got a serpentine rune of Zot
  6244 | D        | Gained mutation: Your body sometimes deteriorates upon taking damage. [mutagenic meat]
  6368 | D        | Noticed a vault guard
  6368 | D        | Noticed a vault guard
  6368 | D        | Noticed a vault guard
  6368 | D        | Noticed a vault guard
  6368 | D        | Noticed a vault guard
  6368 | D        | Noticed a vault guard
  6368 | D        | Noticed a vault guard
  6369 | D        | Noticed a vault guard
  6375 | D        | Killed a vault guard
  6376 | D        | Noticed a vault guard
  6385 | D        | Killed a vault guard
  6395 | D        | Killed a vault guard
  6401 | D        | Noticed a vault guard
  6401 | D        | Killed a vault guard
  6403 | D        | Noticed a vault guard
  6405 | D        | Noticed a vault guard
  6408 | D        | Killed a vault guard
  6409 | D        | Noticed a vault guard
  6417 | D        | Killed a vault guard
  6418 | D        | Noticed a vault guard
  6425 | D        | Killed a vault guard
  6426 | D        | Noticed a vault guard
  6431 | D        | Killed a vault guard
  6438 | D        | Killed a vault guard
  6439 | D        | Noticed a vault guard
  6443 | D        | Killed a vault guard
  6444 | D        | Noticed a vault guard
  6446 | D        | Noticed a vault guard
  6447 | D        | Killed a vault guard
  6454 | D        | Killed a vault guard
  6458 | D        | Killed a vault guard
  6468 | D        | Killed a vault guard
  6469 | D        | Noticed a vault guard
  6474 | D        | Noticed a vault guard
  6476 | D        | Killed a vault guard
  6483 | D        | Noticed a vault guard
  6486 | D        | Killed a vault guard
  6490 | D        | Killed a vault guard
  6498 | D        | Killed a vault guard
  6506 | D        | Killed a vault guard
  6513 | D        | Killed a vault guard
  6518 | D        | Killed a vault guard
  6520 | D        | Noticed a vault guard
  6521 | D        | Noticed a vault guard
  6521 | D        | Noticed a vault guard
  6522 | D        | Noticed a vault guard
  6525 | D        | Killed a vault guard
  6525 | D        | Reached skill level 25 in Armour
  6534 | D        | Killed a vault guard
  6534 | D        | Received a gift from Okawaru
  6539 | D        | Killed a vault guard
  6542 | D        | Killed a vault guard
  6549 | D        | Noticed a war gargoyle
  6549 | D        | Noticed a tentacled monstrosity
  6549 | D        | Noticed a redback
  6549 | D        | Noticed a vault sentinel
  6549 | D        | Noticed an ettin
  6549 | D        | Noticed an ironbrand convoker
  6549 | D        | Noticed a salamander stormcaller
  6557 | D        | Killed a salamander stormcaller
  6557 | D        | Reached XP level 17. HP: 117/184 MP: 29/29
  6560 | D        | Killed an ironbrand convoker
  6561 | D        | Noticed a vault warden
  6566 | D        | Killed an ettin
  6568 | D        | Killed a vault sentinel
  6575 | D        | Killed a tentacled monstrosity
  6577 | D        | Noticed a deep elf priest
  6578 | D        | Killed a redback
  6583 | D        | Noticed a vault warden
  6583 | D        | Killed a war gargoyle
  6588 | D        | Killed a vault warden
  6592 | D        | Noticed a shadow dragon
  6595 | D        | Noticed a yaktaur captain
  6596 | D        | Noticed a shadow dragon
  6598 | D        | Killed a deep elf priest
  6599 | D        | Noticed an ironbrand convoker
  6603 | D        | Noticed a flayed ghost
  6603 | D        | Killed a vault warden
  6616 | D        | Killed a shadow dragon
  6621 | D        | Killed a yaktaur captain
  6630 | D        | Killed a shadow dragon
  6631 | D        | Noticed an ironheart preserver
  6632 | D        | Noticed a purple draconian
  6632 | D        | Noticed a black draconian
  6632 | D        | Noticed an Orb Guardian
  6632 | D        | Noticed Mnoleg
  6633 | D        | Noticed a tentacled monstrosity
  6682 | D        | Lost mutation: Your spells are a little harder to cast, but a little more powerful. [a shining eye]
  6692 | D        | Gained mutation: You are frail (-10% HP). [a shining eye]
  6695 | D        | Killed Mnoleg
  6779 | D        | Killed an Orb Guardian
  6779 | D        | Reached skill level 26 in Armour
  6784 | D        | Killed an ironbrand convoker
  6883 | D        | Killed a flayed ghost
  6894 | D        | Killed a purple draconian
  6912 | D        | Killed a black draconian
  6912 | D        | Received a gift from Okawaru
  6921 | D        | Killed an ironheart preserver
  6942 | D        | Noticed a lich
  6942 | D        | Noticed a shadow dragon
  6942 | D        | Noticed a golden dragon
  6942 | D        | Noticed a vault warden
  6942 | D        | Noticed an ancient lich
  6942 | D        | Noticed a shadow dragon
  6942 | D        | Noticed an orc knight
  6943 | D        | Noticed a shadow dragon
  6953 | D        | Killed an orc knight
  6965 | D        | Noticed a stone giant
  6976 | D        | Killed an ancient lich
  6987 | D        | Killed a shadow dragon
  6997 | D        | Killed a vault warden
  7009 | D        | Killed a golden dragon
  7025 | D        | Killed a shadow dragon
  7039 | D        | Killed a lich
  7055 | D        | Killed a shadow dragon
  7063 | D        | Killed a stone giant
  7069 | D        | Got a silver rune of Zot
  7314 | D        | Got the ring of the Three Mice {+Inv rElec Dex+2}
  7316 | D        | Got the ring of Pypurol {+Inv rPois MR- Str-2 SInv}
  7324 | D        | Got the amulet of Departure {Faith rElec}
  7326 | D        | Got the amulet "Civokhlae" {Faith rPois Str-2 Int+7}
  7370 | D        | Got the +0 pair of gloves of Terror {rC+ Int-3 Dex+3}
  7648 | D        | Noticed a wyvern
  7648 | D        | Noticed a crocodile
  7648 | D        | Noticed a sky beast
  7648 | D        | Noticed an orc warrior
  7648 | D        | Noticed a brown ugly thing
  7648 | D        | Noticed a shadow
  7653 | D        | Noticed a manticore
  7656 | D        | Killed a brown ugly thing
  7658 | D        | Killed a shadow
  7659 | D        | Noticed a centaur warrior
  7660 | D        | Killed an orc warrior
  7665 | D        | Killed a sky beast
  7668 | D        | Killed a crocodile
  7668 | D        | Reached skill level 27 in Armour
  7671 | D        | Killed a wyvern
  7676 | D        | Killed a manticore
  7679 | D        | Killed a centaur warrior
  7686 | D        | Gained mutation: Scrolls take you a little longer to read. [mutagenic meat]
  7687 | D        | Gained mutation: Your muscles are strong. (Str +2) [mutagenic meat]
  7698 | D        | Noticed a black draconian
  7698 | D        | Noticed a mottled dragon
  7698 | D        | Noticed a green draconian
  7698 | D        | Noticed a yellow draconian
  7698 | D        | Noticed a mottled dragon
  7698 | D        | Noticed a green draconian
  7698 | D        | Noticed a golden dragon
  7706 | D        | Killed a golden dragon
  7706 | D        | Reached skill level 27 in Fighting
  7706 | D        | Reached skill level 27 in Long Blades
  7706 | D        | Reached skill level 27 in Shields
  7707 | D        | Noticed a yellow draconian
  7708 | D        | Noticed a black draconian
  7717 | D        | Killed a green draconian
  7718 | D        | Noticed a white draconian
  7724 | D        | Killed a yellow draconian
  7725 | D        | Noticed a mottled draconian
  7736 | D        | Killed a green draconian
  7737 | D        | Noticed a mottled draconian
  7741 | D        | Killed a black draconian
  7741 | D        | Received a gift from Okawaru
  7745 | D        | Killed a yellow draconian
  7746 | D        | Killed a mottled dragon
  7754 | D        | Killed a black draconian
  7754 | D        | Reached XP level 18. HP: 173/180 MP: 32/32
  7759 | D        | Killed a white draconian
  7762 | D        | Killed a mottled dragon
  7772 | D        | Killed a mottled draconian
  7772 | D        | Received a gift from Okawaru
  7783 | D        | Killed a mottled draconian
  7797 | D        | Noticed a purple draconian shifter
  7797 | D        | Noticed a white draconian
  7797 | D        | Noticed a fire dragon
  7797 | D        | Noticed a purple draconian monk
  7797 | D        | Noticed a black draconian zealot
  7797 | D        | Noticed a mottled draconian
  7797 | D        | Noticed a golden dragon
  7802 | D        | Killed a golden dragon
  7809 | D        | Killed a mottled draconian
  7819 | D        | Killed a black draconian zealot
  7824 | D        | Killed a purple draconian monk
  7830 | D        | Killed a fire dragon
  7836 | D        | Killed a white draconian
  7842 | D        | Killed a purple draconian shifter
  7842 | D        | Reached skill level 27 in Dodging
  7850 | D        | Noticed a storm dragon
  7850 | D        | Noticed a white draconian monk
  7850 | D        | Noticed a storm dragon
  7850 | D        | Noticed a mottled draconian
  7850 | D        | Noticed an electric golem
  7850 | D        | Noticed a white draconian zealot
  7850 | D        | Noticed a curse toe
  7858 | D        | Killed a curse toe
  7859 | D        | Noticed a red draconian
  7869 | D        | Killed a white draconian zealot
  7880 | D        | Killed an electric golem
  7884 | D        | Killed a mottled draconian
  7888 | D        | Killed a storm dragon
  7902 | D        | Killed a white draconian monk
  7906 | D        | Killed a storm dragon
  7913 | D        | Killed a red draconian
  8197 | D        | Noticed a white draconian
  8197 | D        | Noticed a white draconian shifter
  8197 | D        | Noticed a shadow dragon
  8197 | D        | Noticed a mottled draconian
  8197 | D        | Noticed a tentacled monstrosity
  8197 | D        | Noticed an ice dragon
  8202 | D        | Noticed a tentacled monstrosity
  8205 | D        | Killed a tentacled monstrosity
  8208 | D        | Noticed a death cob
  8210 | D        | Killed an ice dragon
  8218 | D        | Killed a mottled draconian
  8224 | D        | Killed a shadow dragon
  8230 | D        | Killed a tentacled monstrosity
  8230 | D        | Reached skill level 27 in Invocations
  8230 | D        | Reached skill level 1 in Throwing
  8230 | D        | Reached skill level 1 in Stealth
  8230 | D        | Reached skill level 1 in Unarmed Combat
  8230 | D        | Reached skill level 1 in Evocations
  8238 | D        | Killed a white draconian shifter
  8238 | D        | Received a gift from Okawaru
  8238 | D        | Reached skill level 1 in Spellcasting
  8246 | D        | Killed a white draconian
  8253 | D        | Killed a death cob
  8255 | D        | Got a warped double sword {god gift}
  8256 | D        | Identified the +1 double sword "Demonbane" {flame, Int+5} (Okawaru gifted it to you in the Dungeon)
  8267 | D        | Noticed a mottled draconian knight
  8267 | D        | Noticed a Killer Klown
  8267 | D        | Noticed a black draconian monk
  8267 | D        | Noticed an ice dragon
  8267 | D        | Noticed a moth of wrath
  8267 | D        | Noticed an electric golem
  8272 | D        | Noticed a white draconian
  8275 | D        | Killed an electric golem
  8276 | D        | Noticed a red draconian
  8278 | D        | Killed a moth of wrath
  8283 | D        | Killed an ice dragon
  8291 | D        | Killed a black draconian monk
  8291 | D        | Reached skill level 5 in Unarmed Combat
  8301 | D        | Killed a Killer Klown
  8301 | D        | Reached skill level 5 in Stealth
  8301 | D        | Reached skill level 5 in Evocations
  8306 | D        | Killed a mottled draconian knight
  8314 | D        | Killed a white draconian
  8314 | D        | Received a gift from Okawaru
  8318 | D        | Killed a red draconian
  8549 | D        | Noticed an Orb Guardian
  8549 | D        | Noticed an Orb Guardian
  8549 | D        | Noticed an Orb Guardian
  8549 | D        | Noticed an Orb Guardian
  8549 | D        | Noticed an Orb Guardian
  8549 | D        | Noticed an Orb Guardian
  8554 | D        | Killed an Orb Guardian
  8554 | D        | Reached skill level 5 in Spellcasting
  8557 | D        | Killed an Orb Guardian
  8558 | D        | Noticed an Orb Guardian
  8560 | D        | Killed an Orb Guardian
  8561 | D        | Noticed an Orb Guardian
  8563 | D        | Killed an Orb Guardian
  8564 | D        | Noticed an Orb Guardian
  8570 | D        | Killed an Orb Guardian
  8570 | D        | Received a gift from Okawaru
  8577 | D        | Killed an Orb Guardian
  8577 | D        | Reached skill level 10 in Unarmed Combat
  8585 | D        | Killed an Orb Guardian
  8590 | D        | Killed an Orb Guardian
  8598 | D        | Killed an Orb Guardian
  8598 | D        | Reached skill level 10 in Throwing
  8605 | D        | Noticed an Orb Guardian
  8605 | D        | Noticed a black draconian
  8605 | D        | Noticed a storm dragon
  8605 | D        | Noticed an Orb Guardian
  8605 | D        | Noticed an Orb Guardian
  8605 | D        | Noticed a storm dragon
  8605 | D        | Noticed a moth of wrath
  8610 | D        | Killed a moth of wrath
  8611 | D        | Noticed an Orb Guardian
  8621 | D        | Killed a storm dragon
  8621 | D        | Reached XP level 19. HP: 166/186 MP: 35/35
  8627 | D        | Killed an Orb Guardian
  8627 | D        | Received a gift from Okawaru
  8627 | D        | Reached skill level 10 in Stealth
  8636 | D        | Killed an Orb Guardian
  8636 | D        | Reached skill level 10 in Evocations
  8644 | D        | Killed a storm dragon
  8650 | D        | Killed a black draconian
  8655 | D        | Killed an Orb Guardian
  8662 | D        | Killed an Orb Guardian
  8669 | D        | Noticed an ancient lich
  8678 | D        | Killed an ancient lich
  8681 | D        | Noticed an orb of fire
  8688 | D        | Gained mutation: Scrolls take you longer to read. [an orb of fire]
  8719 | D        | Killed an orb of fire
  8721 | D        | Noticed an electric golem
  8733 | D        | Killed an electric golem
  8910 | D        | Noticed a moth of wrath
  8910 | D        | Noticed an orb of fire
  8910 | D        | Noticed an Orb Guardian
  8910 | D        | Noticed an electric golem
  8910 | D        | Noticed a Killer Klown
  8910 | D        | Noticed an ancient lich
  8910 | D        | Noticed a shadow dragon
  8911 | D        | Noticed an orb of fire
  8920 | D        | Killed a shadow dragon
  8920 | D        | Received a gift from Okawaru
  8927 | D        | Killed an ancient lich
  8927 | D        | Reached skill level 15 in Unarmed Combat
  8927 | D        | Reached skill level 10 in Spellcasting
  8950 | D        | Killed an orb of fire
  8950 | D        | Gained mutation: You tend to lose your temper in combat. [an orb of fire]
  8951 | D        | Noticed an orb of fire
  8959 | D        | Killed a Killer Klown
  8970 | D        | Killed an orb of fire
  8970 | D        | Reached skill level 15 in Throwing
  8976 | D        | Killed an Orb Guardian
  8976 | D        | Gained mutation: You possess an exceptional clarity of mind. [an orb of fire]
  8991 | D        | Killed an orb of fire
  8993 | D        | Killed a moth of wrath
  9000 | D        | Noticed a white draconian
  9001 | D        | Noticed a yellow draconian monk
  9001 | D        | Noticed an electric golem
  9002 | D        | Noticed a golden dragon
  9003 | D        | Noticed a white draconian monk
  9010 | D        | Killed an electric golem
  9021 | D        | Killed an electric golem
  9021 | D        | Reached skill level 15 in Stealth
  9021 | D        | Reached skill level 15 in Evocations
  9024 | D        | Killed a yellow draconian monk
  9030 | D        | Killed a white draconian
  9034 | D        | Killed a golden dragon
  9042 | D        | Killed a white draconian monk
  9358 | D        | Noticed a moth of wrath
  9358 | D        | Noticed an Orb Guardian
  9358 | D        | Noticed an Orb Guardian
  9358 | D        | Noticed an Orb Guardian
  9358 | D        | Noticed an Orb Guardian
  9358 | D        | Noticed an Orb Guardian
  9358 | D        | Noticed an Orb Guardian
  9367 | D        | Killed an Orb Guardian
  9368 | D        | Noticed an Orb Guardian
  9376 | D        | Killed an Orb Guardian
  9382 | D        | Killed an Orb Guardian
  9383 | D        | Noticed an Orb Guardian
  9392 | D        | Killed an Orb Guardian
  9392 | D        | Reached XP level 20. HP: 194/194 MP: 33/36
  9397 | D        | Killed an Orb Guardian
  9397 | D        | Received a gift from Okawaru
  9407 | D        | Killed an Orb Guardian
  9413 | D        | Killed an Orb Guardian
  9414 | D        | Noticed an Orb Guardian
  9420 | D        | Killed an Orb Guardian
  9422 | D        | Killed a moth of wrath
  9423 | D        | Noticed an Orb Guardian
  9432 | D        | Killed an Orb Guardian
  9433 | D        | Noticed an Orb Guardian
  9438 | D        | Killed an Orb Guardian
  9439 | D        | Noticed a moth of wrath
  9440 | D        | Noticed an Orb Guardian
  9448 | D        | Killed an Orb Guardian
  9462 | D        | Killed an Orb Guardian
  9464 | D        | Killed a moth of wrath
  9672 | D        | Noticed a vampire knight
  9672 | D        | Noticed a vampire knight
  9672 | D        | Noticed a vampire knight
  9672 | D        | Noticed a vampire knight
  9672 | D        | Noticed an ancient lich
  9672 | D        | Noticed a lich
  9672 | D        | Noticed a vampire knight
  9685 | D        | Noticed a vampire knight
  9689 | D        | Noticed a vampire knight
  9690 | D        | Killed a vampire knight
  9691 | D        | Killed a vampire knight
  9694 | D        | Noticed a vampire knight
  9697 | D        | Killed a vampire knight
  9699 | D        | Killed a vampire knight
  9700 | D        | Noticed a vampire knight
  9711 | D        | Killed an ancient lich
  9721 | D        | Killed a vampire knight
  9726 | D        | Killed a lich
  9734 | D        | Killed a vampire knight
  9738 | D        | Killed a vampire knight
  9751 | D        | Killed a vampire knight
  9826 | D        | Killed a vampire knight
 10055 | D        | Noticed a spriggan baker
 10055 | D        | Noticed a spriggan baker
 10055 | D        | Noticed a spriggan baker
 10055 | D        | Noticed a spriggan baker
 10055 | D        | Noticed a spriggan baker
 10055 | D        | Noticed a spriggan baker
 10055 | D        | Noticed a spriggan baker
 10057 | D        | Noticed a spriggan baker
 10058 | D        | Killed a spriggan baker
 10059 | D        | Killed a spriggan baker
 10060 | D        | Noticed a spriggan baker
 10062 | D        | Killed a spriggan baker
 10063 | D        | Killed a spriggan baker
 10064 | D        | Noticed a spriggan baker
 10065 | D        | Noticed a spriggan baker
 10068 | D        | Killed a spriggan baker
 10071 | D        | Killed a spriggan baker
 10074 | D        | Killed a spriggan baker
 10077 | D        | Killed a spriggan baker
 10081 | D        | Killed a spriggan baker
 10084 | D        | Killed a spriggan baker
 10085 | D        | Killed a spriggan baker
 10092 | D        | Noticed a deep elf blademaster
 10092 | D        | Noticed a deep elf blademaster
 10092 | D        | Noticed a deep elf sorcerer
 10092 | D        | Noticed a deep elf master archer
 10092 | D        | Noticed a deep elf blademaster
 10092 | D        | Noticed a deep elf master archer
 10092 | D        | Noticed a deep elf blademaster
 10101 | D        | Killed a deep elf blademaster
 10110 | D        | Killed a deep elf blademaster
 10110 | D        | Received a gift from Okawaru
 10117 | D        | Noticed a deep elf master archer
 10117 | D        | Killed a deep elf blademaster
 10124 | D        | Noticed a deep elf high priest
 10127 | D        | Killed a deep elf blademaster
 10129 | D        | Noticed a deep elf sorcerer
 10131 | D        | Noticed a deep elf high priest
 10135 | D        | Killed a deep elf master archer
 10138 | D        | Noticed a deep elf master archer
 10142 | D        | Killed a deep elf master archer
 10142 | D        | Reached skill level 15 in Spellcasting
 10144 | D        | Noticed a deep elf sorcerer
 10148 | D        | Killed a deep elf sorcerer
 10152 | D        | Noticed a deep elf annihilator
 10155 | D        | Killed a deep elf master archer
 10157 | D        | Killed a deep elf sorcerer
 10161 | D        | Killed a deep elf master archer
 10165 | D        | Killed a deep elf sorcerer
 10173 | D        | Killed a deep elf annihilator
 10175 | D        | Killed a deep elf high priest
 10178 | D        | Killed a deep elf high priest
 10189 | D        | Got an elven rune of Zot
 10294 | D        | Noticed an azure jelly
 10294 | D        | Noticed an acid blob
 10294 | D        | Noticed an eye of draining
 10294 | D        | Noticed a death ooze
 10294 | D        | Noticed an azure jelly
 10294 | D        | Noticed a death ooze
 10294 | D        | Noticed an azure jelly
 10299 | D        | Killed an azure jelly
 10300 | D        | Noticed an acid blob
 10302 | D        | Killed an azure jelly
 10303 | D        | Noticed an acid blob
 10305 | D        | Killed a death ooze
 10306 | D        | Noticed the royal jelly
 10310 | D        | Killed an acid blob
 10311 | D        | Noticed an acid blob
 10314 | D        | Killed an azure jelly
 10315 | D        | Noticed an acid blob
 10320 | D        | Killed an acid blob
 10323 | D        | Killed a death ooze
 10327 | D        | Killed an acid blob
 10328 | D        | Noticed an eye of draining
 10329 | D        | Killed an eye of draining
 10332 | D        | Killed an acid blob
 10333 | D        | Noticed an azure jelly
 10339 | D        | Killed an acid blob
 10339 | D        | Received a gift from Okawaru
 10460 | D        | Killed the royal jelly
 10460 | D        | Received a gift from Okawaru
 10460 | D        | Reached XP level 21. HP: 38/201 MP: 13/40
 10460 | D        | HP: 7/201 [azure jelly[the royal jelly] (8)]
 10470 | D        | HP: 10/201 [azure jelly[the royal jelly] (2)]
 10473 | D        | Mangled by an azure jelly

Action                   |  1- 3 |  4- 6 |  7- 9 | 10-12 | 13-15 | 16-18 | 19-21 || total
-------------------------+-------+-------+-------+-------+-------+-------+-------++-------
Melee: Long sword        |    26 |     9 |       |   116 |   727 |   555 |       ||  1433
       Scimitar          |       |    15 |    47 |   253 |       |   349 |   582 ||  1246
Invok: Heroism           |       |       |     1 |     9 |    12 |     6 |     1 ||    29
       Finesse           |       |       |       |     6 |    11 |     9 |     8 ||    34
Evoke: Wand              |       |       |     7 |       |       |       |     2 ||     9
  Use: Potion            |     2 |     1 |     7 |     2 |    10 |     3 |     3 ||    28
       Scroll            |       |       |       |       |     1 |     2 |     3 ||     6
 Stab: Invisible         |       |       |     5 |       |       |       |       ||     5
       Confused          |       |       |       |       |       |     1 |       ||     1
  Eat: Chunk             |       |     5 |       |       |    19 |     5 |       ||    29
       Bread ration      |       |       |       |     2 |       |       |       ||     2
       Meat ration       |       |       |       |       |     4 |     1 |     2 ||     7
       Fruit             |       |       |       |       |     1 |       |       ||     1
